Map: Lightshade LE

Players

Serral - Winner!

  • Race: Zerg Zerg
  • Spawn Location: 5:00

TYTY (TY)

  • Race: Terran Terran
  • Spawn Location: 11:00

VOD

Have the link to the VOD?

Description

Time

  • Played on: Jan. 17, 2021, 8:40 a.m.
  • Length: 17:40
Show
View Real Time Build Order
Export as new Build Order

Serral Zerg - Winner!

Build Orders: Hatch First 

Get SALT Encoding   

  12  0:01  Drone  
  13  0:13  Overlord  
  13  0:17  Drone  
  14  0:31  Drone x2  
  16  0:48  Hatchery  
  15  0:52  Drone  
  15  0:55  Drone  
  17  0:59  Drone  
  18  1:09  Extractor  
  17  1:14  Spawning Pool  
  17  1:17  Drone  
  17  1:20  Drone  
  18  1:29  Drone  
  19  1:39  Drone  
  20  1:50  Drone  
  21  2:00  Queen  
  21  2:01  Zergling x4, Queen  
  27  2:12  Overlord  
  27  2:13  Drone, Metabolic Boost  
  28  2:29  Hatchery  
  26  2:32  Drone  
  26  2:35  Drone  
  28  2:39  Drone  
  28  2:42  Drone  
  28  2:43  Drone  
  31  2:50  Queen  
  33  2:56  Overlord  
  33  2:59  Drone  
  33  3:02  Drone  
  33  3:04  Drone  
  36  3:09  Pneumatized Carapace  
  36  3:16  Drone x3  
  36  3:17  Drone  
  40  3:22  Overlord  
  40  3:27  Drone x2  
  42  3:31  Queen  
  44  3:42  Queen  
  44  3:44  Drone x3  
  44  3:46  Drone  
  44  3:48  Overlord  
  50  3:52  Drone x2  
  52  3:56  Drone x2  
  54  4:03  Zergling x2  
  54  4:04  Overlord  
  54  4:05  Zergling x2  
  54  4:06  Drone  
  54  4:08  Queen  
  59  4:10  Drone  
  59  4:13  Drone x2  
  59  4:14  Drone  
  63  4:19  Zergling x2  
  63  4:24  Queen  
  64  4:25  Drone x4  
  70  4:32  Lair, Baneling Nest  
  70  4:34  Spore Crawler  
  70  4:36  Spore Crawler  
  70  4:38  Overlord  
  67  4:42  Spore Crawler  
  67  4:43  Overlord  
  66  4:47  Extractor  
  66  4:48  Overlord, Extractor  
  66  4:49  Drone x2  
  67  4:54  Overlord  
  67  4:57  Overlord  
  69  5:02  Zergling x6  
  69  5:03  Drone x2  
  74  5:07  Drone x2  
  74  5:08  Drone x2  
  74  5:09  Drone  
  79  5:16  Drone x6  
  79  5:17  Evolution Chamber x2  
  79  5:20  Hatchery  
  82  5:23  Drone x2  
  82  5:27  Overlord  
  84  5:28  Drone  
  84  5:30  Centrifical Hooks  
  84  5:33  Extractor, Overseer  
  84  5:34  Extractor, Drone x2  
  85  5:35  Drone  
  85  5:38  Overlord  
  85  5:40  Drone x2  
  88  5:43  Zerg Ground Armor Level 1  
  88  5:44  Drone  
  88  5:49  Drone x4  
  93  5:52  Zerg Melee Weapons Level 1  
  93  5:53  Zergling x2  
  93  5:54  Zergling x2  
  93  5:56  Zergling x2  
  93  5:57  Zergling x4  
  98  6:00  Zergling x2  
  99  6:05  Hydralisk Den, Overlord  
  98  6:12  Drone  
  98  6:13  Drone x4  
  98  6:17  Overlord  
  103  6:19  Drone  
  103  6:20  Overlord, Drone  
  103  6:21  Overlord  
  103  6:23  Zergling x8  
  109  6:32  Zergling x8  
  113  6:37  Muscular Augments  
  113  6:39  Baneling x8  
  113  6:40  Zergling x2  
  113  6:43  Zergling x10  
  113  6:46  Queen  
  119  6:52  Overlord  
  121  6:54  Hydralisk  
  121  6:55  Hydralisk x4  
  130  7:05  Baneling x7  
  130  7:07  Zergling x14  
  137  7:12  Drone  
  137  7:13  Overlord  
  138  7:16  Overlord  
  138  7:18  Hydralisk x6  
  150  7:27  Zergling x2  
  151  7:31  Overlord  
  151  7:32  Overlord x2  
  151  7:35  Overlord  
  151  7:43  Baneling  
  151  7:44  Baneling x10  
  151  7:48  Zergling x30, Grooved Spines  
  151  7:50  Baneling x2  
  151  7:51  Baneling x2  
  147  8:00  Zergling x8  
  147  8:03  Zerg Melee Weapons Level 2  
  145  8:08  Hatchery  
  145  8:09  Drone x2  
  145  8:12  Drone  
  147  8:14  Extractor, Drone x3  
  147  8:15  Zergling x12  
  147  8:18  Zerg Ground Armor Level 2  
  147  8:19  Hatchery  
  154  8:20  Zergling x2  
  155  8:28  Zergling x6  
  155  8:34  Infestation Pit  
  156  8:42  Baneling x7  
  156  8:44  Zergling x24  
  156  8:45  Zergling x8  
  169  8:50  Spore Crawler  
  169  8:52  Overseer  
  168  9:00  Drone  
  168  9:01  Drone x4  
  172  9:05  Drone  
  172  9:06  Drone x2  
  175  9:13  Hive  
  175  9:14  Baneling  
  175  9:15  Baneling x6  
  175  9:16  Baneling  
  171  9:17  Zergling x8  
  171  9:18  Zergling x18  
  171  9:20  Queen  
  171  9:23  Extractor, Drone  
  186  9:27  Drone x2  
  186  9:28  Drone  
  186  9:29  Overseer  
  189  9:31  Baneling x3  
  189  9:35  Overseer  
  189  9:36  Hydralisk, Overseer  
  189  9:37  Hydralisk x3  
  189  9:38  Zergling x4  
  198  9:42  Overlord  
  198  9:45  Spine Crawler  
  198  9:47  Spore Crawler  
  198  9:49  Burrow  
  198  9:50  Overlord  
  197  9:54  Hatchery  
  197  9:58  Overlord  
  196  10:01  Overlord  
  196  10:03  Zergling x6  
  196  10:07  Overlord  
  196  10:11  Baneling x9  
  196  10:16  Zergling x6  
  199  10:21  Zerg Missile Weapons Level 1  
  199  10:26  Adrenal Glands  
  199  10:31  Ultralisk Cavern  
  198  10:46  Baneling x12  
  198  10:55  Zergling x24  
  199  11:15  Zerg Ground Armor Level 3  
  199  11:17  Baneling x9  
  198  11:18  Zergling x2  
  198  11:19  Zergling x4  
  198  11:22  Viper x2  
  198  11:24  Zergling x2  
  198  11:25  Zergling x12  
  198  11:31  Baneling x8  
  192  11:44  Chitinous Plating  
  192  11:47  Extractor, Drone x2  
  192  11:48  Zergling x10, Drone  
  199  12:01  Baneling x8  
  199  12:22  Zerg Missile Weapons Level 2  
  199  12:27  Extractor  
  199  12:28  Extractor  
  195  12:30  Drone x4  
  199  12:43  Zergling x2  
  194  12:57  Zergling x32  
  194  12:58  Zergling x6  
  199  13:03  Anabolic Synthesis  
  193  13:11  Zergling x48  
  197  13:16  Zergling x18  
  197  13:19  Baneling x6  
  198  13:20  Baneling x2  
  198  13:26  Baneling x13  
  198  13:27  Baneling x12  
  198  13:32  Lurker Den  
  197  13:34  Spine Crawler  
  197  13:36  Spore Crawler, Overseer  
  197  13:41  Zergling x10  
  200  13:53  Baneling x11  
  200  13:54  Baneling x3  
  194  14:06  Zergling x2  
  194  14:07  Zergling x26  
  196  14:14  Baneling x10  
  196  14:15  Zergling x2  
  196  14:16  Zergling x10  
  192  14:28  Zergling x24  
  192  14:29  Zergling x26  
  186  14:46  Ultralisk x2  
  186  14:48  Baneling x13  
  186  14:49  Baneling x16  
  198  14:54  Hatchery  
  198  14:58  Zerg Melee Weapons Level 3, Zerg Missile Weapons Level 3  
  198  14:59  Seismic Spines  
  192  15:05  Zergling x8, Ultralisk x2  
  199  15:19  Baneling x8  
  199  15:21  Pathogen Glands  
  199  15:33  Overlord  
  199  15:40  Hatchery  
  198  15:56  Adaptive Talons  
  188  16:00  Ultralisk x2  
  188  16:02  Hatchery  
  174  16:13  Zergling x44  
  196  16:19  Baneling x2  
  196  16:20  Zergling x2, Baneling  
  196  16:21  Zergling x6  
  200  16:34  Spire  
  199  16:41  Baneling  
  199  16:42  Baneling x7  
  181  16:56  Zergling x40  
  181  16:59  Zergling x2  
  181  17:00  Zergling x40  
  192  17:04  Zergling x18  
  187  17:15  Zergling x28  
  187  17:16  Zergling x16  
  187  17:21  Baneling x28  
  187  17:22  Baneling x6  
Show
View Real Time Build Order
Export as new Build Order

TYTY Terran 

Build Orders: Reaper Expand 

Get SALT Encoding   

  12  0:00  SCV  
  13  0:12  SCV  
  14  0:17  Supply Depot  
  14  0:24  SCV  
  15  0:38  SCV  
  15  0:40  Barracks  
  15  0:42  Refinery  
  16  0:50  SCV  
  17  1:03  SCV  
  18  1:15  SCV  
  19  1:27  Orbital Command, Reaper  
  20  1:39  Command Center  
  20  1:47  Supply Depot  
  20  1:53  SCV  
  21  1:59  Marine  
  22  2:04  Factory  
  22  2:08  SCV  
  23  2:19  Barracks Reactor  
  23  2:20  SCV  
  24  2:32  SCV  
  25  2:42  Command Center  
  25  2:44  SCV  
  26  2:53  Orbital Command  
  26  2:56  SCV  
  27  3:00  Starport  
  27  3:05  Refinery  
  27  3:09  SCV  
  30  3:13  Hellion  
  30  3:17  Hellion  
  32  3:20  SCV  
  32  3:21  SCV  
  32  3:24  Barracks Tech Lab  
  34  3:32  SCV  
  34  3:33  SCV  
  38  3:34  Hellion  
  38  3:38  Hellion  
  40  3:44  SCV  
  44  3:49  SCV  
  44  3:55  Marine  
  45  3:56  SCV  
  45  3:57  Orbital Command, Viking  
  45  4:02  SCV  
  47  4:09  SCV  
  52  4:14  Barracks Tech Lab, SCV  
  53  4:20  Orbital Command  
  53  4:21  SCV  
  54  4:26  SCV  
  55  4:32  Marine  
  55  4:33  Supply Depot, Stimpack, SCV  
  55  4:38  SCV  
  60  4:42  Barracks  
  60  4:45  SCV  
  55  4:47  Barracks  
  55  4:49  Starport Reactor  
  55  4:50  SCV, Marine  
  55  4:52  SCV  
  58  4:54  Siege Tank  
  58  4:55  Supply Depot  
  58  4:56  Supply Depot  
  58  4:57  SCV  
  58  4:58  Refinery x2  
  62  5:02  SCV  
  62  5:04  SCV  
  62  5:06  Engineering Bay x2  
  64  5:09  SCV  
  64  5:10  Marine  
  66  5:14  SCV  
  66  5:16  SCV  
  66  5:19  Supply Depot  
  66  5:20  Supply Depot  
  68  5:21  SCV  
  68  5:26  SCV, Siege Tank  
  68  5:28  SCV  
  74  5:31  Starport Reactor  
  74  5:33  Terran Infantry Weapons Level 1, SCV  
  75  5:37  Marine  
  75  5:38  Marine  
  75  5:39  Terran Infantry Armor Level 1  
  77  5:44  Barracks x2, SCV x2  
  77  5:46  SCV, Marine x2  
  77  5:47  Marine  
  83  5:53  Supply Depot x2  
  83  5:54  Supply Depot  
  83  5:55  Marine x2  
  83  5:56  SCV x2  
  87  5:58  SCV  
  87  6:00  Siege Tank  
  91  6:04  Marine x3  
  91  6:08  SCV  
  91  6:10  Refinery  
  95  6:11  Medivac x2  
  95  6:13  Marine x2  
  95  6:15  SCV  
  103  6:24  SCV, Armory  
  104  6:26  Missile Turret  
  104  6:27  Bunker  
  104  6:29  Barracks  
  104  6:30  Barracks, Marine x2  
  104  6:31  Barracks Reactor  
  104  6:32  Barracks Reactor  
  105  6:33  Barracks  
  105  6:37  Marine x2  
  105  6:38  Marine  
  108  6:41  Siege Tank  
  108  6:46  SCV x3  
  114  6:48  Marine x2  
  114  6:50  Missile Turret  
  114  6:54  Medivac x2  
  118  6:55  Marine x3  
  118  7:00  Combat Shield  
  123  7:04  Supply Depot  
  123  7:06  Marine x2  
  125  7:24  Supply Depot x2  
  125  7:25  Supply Depot, Marine x8  
  133  7:31  Marine  
  133  7:42  Terran Infantry Weapons Level 2  
  133  7:45  Marine x8  
  133  7:46  Siege Tank, Marine x3  
  133  7:49  Marine  
  148  7:53  Terran Infantry Armor Level 2  
  124  8:03  Marine x8  
  124  8:04  Marine x3  
  112  8:06  Marine  
  112  8:07  Medivac x2  
  120  8:18  Siege Tank  
  120  8:20  Marine x7  
  120  8:21  Marine  
  120  8:26  Command Center  
  129  8:28  Marine  
  129  8:29  Marine x2  
  129  8:32  Marine  
  132  8:38  Marine  
  132  8:41  Barracks Tech Lab x2  
  133  8:42  Marine x5  
  133  8:43  Drilling Claws  
  133  8:44  SCV x2  
  133  8:46  Marine  
  133  8:48  SCV  
  142  8:49  Medivac x2  
  142  8:51  Marauder  
  142  8:54  Marine  
  150  8:56  Marine  
  150  8:57  Barracks Tech Lab  
  150  9:04  Marauder x2, Concussive Shells  
  150  9:09  Refinery  
  154  9:11  Sensor Tower  
  154  9:12  Marauder  
  154  9:14  Marine  
  154  9:15  Marine x2  
  156  9:20  Supply Depot  
  156  9:21  Marine  
  157  9:24  Marine x3  
  157  9:25  Siege Tank  
  165  9:37  Marine x2  
  165  9:38  Liberator x2, Marauder x3, Marine x3  
  180  9:44  Supply Depot x2  
  180  9:49  Marine x4  
  184  9:55  Marine x4  
  188  10:05  Marine x3  
  188  10:06  Marauder  
  193  10:07  Marine x2  
  193  10:13  Marine x2  
  193  10:14  Marine  
  196  10:15  Terran Infantry Weapons Level 3  
  196  10:18  Marine x2  
  198  10:24  Marauder  
  200  10:31  Terran Infantry Armor Level 3  
  197  10:49  Marine x2  
  199  10:50  Marine  
  194  10:58  Medivac x2  
  194  10:59  Marine x2  
  194  11:00  Marauder x2  
  194  11:01  Planetary Fortress, Siege Tank  
  195  11:07  Marine x2  
  195  11:09  Command Center  
  194  11:11  Marine  
  194  11:12  Marine x3  
  198  11:23  Marine x2  
  182  11:26  Marine x3  
  182  11:32  Medivac x2  
  187  11:36  SCV  
  187  11:37  SCV  
  189  11:42  Siege Tank  
  192  11:48  Factory  
  192  11:49  Factory  
  192  11:50  SCV x2  
  194  11:57  Ghost Academy, Refinery x2  
  194  12:01  Marauder x3  
  194  12:02  Sensor Tower  
  200  12:12  Terran Vehicle Weapons Level 1  
  200  12:14  Armory  
  198  12:33  Factory Tech Lab  
  198  12:35  Factory Tech Lab  
  197  12:49  Siege Tank  
  197  12:57  Siege Tank  
  186  13:00  Marauder x2, Siege Tank  
  186  13:05  Command Center  
  182  13:08  Marauder x2, Marine  
  182  13:09  Marine x2  
  182  13:10  Marine x2  
  182  13:11  Marine x2  
  158  13:13  Medivac  
  158  13:14  Marine  
  148  13:21  Siege Tank, Marine x2  
  148  13:26  Marine  
  150  13:27  Marine x2  
  150  13:28  Marine x2  
  150  13:29  Siege Tank, SCV, Marine x3  
  161  13:38  Marine x3  
  161  13:40  Medivac  
  166  13:43  Medivac  
  168  13:49  Orbital Command  
  168  13:52  Marauder x2, Marine x2  
  168  13:54  Siege Tank  
  159  14:13  Medivac x2  
  159  14:14  Marine x4  
  165  14:19  Siege Tank x2  
  167  14:26  Siege Tank  
  146  14:35  Orbital Command  
  139  14:39  Marine x3  
  139  14:43  Marine x5  
  141  14:46  Planetary Fortress  
  141  14:47  Orbital Command  
  141  14:48  Marine  
  141  14:49  Marine  
  141  14:51  Siege Tank  
  144  14:53  Medivac x2  
  144  14:56  Marine  
  145  15:15  Marauder  
  145  15:16  Marauder, Marine  
  150  15:21  Siege Tank x2  
  150  15:23  Marauder, Marine x2  
  160  15:29  Missile Turret  
  160  15:40  Ghost x3  
  166  15:43  Ghost  
  166  15:45  Sensor Tower  
  164  16:00  Siege Tank x3  
  169  16:08  Ghost x2  
  160  16:13  Marine x3  
  160  16:15  Marine x2  
  160  16:16  Marine x2  
  167  16:19  Marine x3  
  167  16:22  Missile Turret  
  167  16:24  Missile Turret, SCV x2  
  172  16:29  Sensor Tower  
  172  16:31  Marine  
  172  16:32  Missile Turret, Siege Tank  
  176  16:34  Siege Tank x2  
  176  16:35  Orbital Command  
  176  16:36  Marine x4  
  176  16:37  Marine  
  176  16:39  Marine  
  188  16:41  Marine  
  142  17:05  Marauder x2, Marine x2  
  125  17:12  Marauder x2, Marine x2  
  125  17:14  Marine x3  
Tags
 
Add a new tag
Caveats
  • Supply blocks, unpowered buildings, or Contaminate may cause inaccurate times.
  • Supply counts are checked every 10 seconds.